 Dungeon Crawl Stone Soup version 0.31-a0-233-g139696dc86 (webtiles) character file.

Game seed: 9404271287267740987

63 qw the Shooter (level 4, 0/26 HPs)
             Began as a Gargoyle Hexslinger on July 7, 2023.
             Slain by a worm (6 damage)
             ... on level 3 of the Dungeon.
             The game lasted 00:00:41 (1945 turns).

qw the Shooter (Gargoyle Hexslinger)                Turns: 1945, Time: 00:00:41

Health: 0/26       AC: 11    Str: 11    XL:     4   Next: 10%
Magic:  5/5        EV: 10    Int: 14    God:
Gold:   70         SH:  0    Dex: 17    Spells: 4/5 levels left

rFire   . . .        Y - +1 sling
rCold   + . .        (no shield)
rNeg    + . .        d - +0 ring mail
rPois   inf          c - +2 helmet of Yloth {-Cast rElec rCorr Dex+3}
rElec   +            (no cloak)
rCorr   +            (no gloves)
SInv    .            (no boots)
Will    .....        (no amulet)
Stlth   +            a - ring of protection from cold
HPRegen 0.24/turn    (no ring)
MPRegen 0.09/turn

%: no spellcasting
@: no status effects
A: sickness immunity, AC +3, negative energy resistance 1, electricity
resistance, torment resistance 1, petrification resistance
a: no special abilities


You were on level 3 of the Dungeon.
You visited 1 branch of the dungeon, and saw 3 of its levels.

You collected 70 gold pieces.


Innate Abilities, Weirdness & Mutations

You are immune to sickness and miasma.
Your stone body is resilient. (AC +3)
You are immune to poison.
You resist negative energy. (rN+)
You are resistant to electric shocks. (rElec)
You are resistant to unholy torment.
You are immune to petrification.


   Skills:
 - Level 2.0 Fighting
 + Level 3.7 Ranged Weapons
 - Level 1.0 Armour
 - Level 1.5 Dodging
 - Level 1.0 Spellcasting
 - Level 2.6 Hexes


You had 4 spell levels left.
You knew the following spells:

 Your Spells              Type           Power      Damage    Failure   Level
a - Slow                  Hex            32%        N/A       21%         1

Your spell library contained the following spells:

 Spells                   Type           Power      Damage    Failure   Level
 Inner Flame              Hex/Fire       4%         N/A       71%         3
 Portal Projectile        Hex/Tloc       8%         N/A       71%         3
 Cause Fear               Hex            4%         N/A       90%         4

Inventory:

Hand Weapons
 Y - a +1 sling (weapon)
Armour
 c - the +2 helmet of Yloth (worn) {-Cast rElec rCorr Dex+3}
   (You acquired it on level 1 of the Dungeon)

   Dex:       It affects your dexterity (+3).
   rElec:     It insulates you from electricity.
   -Cast:     It prevents spellcasting.
   rCorr:     It protects you from acid and corrosion.
 d - a +0 ring mail (worn)
Jewellery
 a - a ring of protection from cold (left hand)
Potions
 e - a potion of enlightenment {unknown}
 f - a potion of haste {unknown}
 g - a potion of mutation {unknown}
 h - a potion of curing {unknown}
 i - a potion of heal wounds {unknown}

Dungeon Overview and Level Annotations

Branches:
Dungeon (3/15)

Altars:
Dithmenos

Annotations:
D:1 1 runed translucent door


Message History

You kill the ball python!
The adder barely misses you. The adder bites you but does no damage.
You shoot a sling bullet.
The sling bullet closely misses the adder.
The adder bites you but does no damage. The worm barely misses you.
You shoot a sling bullet. The sling bullet hits the adder.
The adder is almost dead.
The adder bites you but does no damage. x2; The worm barely misses you.
You shoot a sling bullet. The sling bullet misses the adder.
The adder bites you but does no damage. x2
The worm bites you but does no damage.
You shoot a sling bullet.
The sling bullet barely misses the adder.
The adder bites you but does no damage. x2
You shoot a sling bullet. The sling bullet misses the adder.
The adder bites you but does no damage. The worm bites you.
You shoot a sling bullet. The sling bullet hits the adder.
You kill the adder!
The worm bites you.
You have reached level 4!
You feel clever.
You shoot a sling bullet. The sling bullet hits the worm.
The worm is moderately wounded.
The worm bites you but does no damage.
You shoot a sling bullet. The sling bullet hits the worm.
The worm is moderately wounded.
The worm bites you.
You shoot a sling bullet.
The sling bullet hits the worm but does no damage.
The worm is moderately wounded.
You shoot a sling bullet.
The sling bullet hits the worm but does no damage.
The worm is moderately wounded.
The worm bites you!
You shoot a sling bullet. The sling bullet hits the worm.
The worm is moderately wounded.
The worm barely misses you.
You shoot a sling bullet.
The sling bullet barely misses the worm.
The worm bites you.
You die...

## . #. #.#
#.w### #.%@.#
#.##.## ..
#..####
...#.###....#.###
... #........>...
## ####.#....###
###.#..#.#
#...#..# #
#.###...


You could see a worm.

Vanquished Creatures
  An adder (D:3)
  A worm (D:2)
  5 ball pythons
  4 endoplasms
  2 giant cockroaches (D:1)
  6 goblins
  5 hobgoblins
  9 kobolds
  3 quokkas
  2 bats (D:2)
  5 frilled lizards
  5 rats
48 creatures vanquished.

Notes
Turn   | Place    | Note
-------+----------+-------------------------------------------
     0 | D:1      | qw the Gargoyle Hexslinger began the quest for the Orb.
     0 | D:1      | Reached XP level 1. HP: 12/12 MP: 2/2
     0 | D:1      | Noticed a jelly
     0 | D:1      | 0 ||| qw: Version: 0.3-a-46-gb1f654a
     0 | D:1      | 0 ||| qw: Game counter: 3026
     0 | D:1      | 0 ||| qw: Melee chars always use a shield: true
     0 | D:1      | 0 ||| qw: God list: Okawaru
     0 | D:1      | 0 ||| qw: Allow faded altars: false
     0 | D:1      | 0 ||| qw: Do Orc after clearing Dungeon:15 true
     0 | D:1      | 0 ||| qw: Do second Lair branch before Depths: true
     0 | D:1      | 0 ||| qw: Lair rune preference: random
     0 | D:1      | 0 ||| qw: Goals: Normal
     0 | D:1      | 0 ||| PLANNING D:1-11
     1 | D:1      | Found a runed translucent door.
   116 | D:1      | Reached XP level 2. HP: 16/16 MP: 3/3
   191 | D:1      | Reached skill level 3 in Ranged Weapons
   444 | D:1      | Reached XP level 3. HP: 21/21 MP: 4/4
  1088 | D:1      | 1088 ||| UPGRADING to +0 ring mail.
  1098 | D:1      | 1098 ||| DROPPING +0 robe.
  1099 | D:1      | 1099 ||| READING 2 scrolls labelled XOUGAI DOIF.
  1099 | D:1      | Identified 2 scrolls of acquirement
  1099 | D:1      | 1099 ||| ACQUIRING +2 helmet of Yloth {-Cast rElec rCorr
                  | Dex+3}
  1099 | D:1      | Acquired the +2 helmet of Yloth {-Cast rElec rCorr Dex+3}
  1100 | D:1      | 1100 ||| READING scroll of acquirement.
  1100 | D:1      | 1100 ||| ACQUIRING ring of protection from cold
  1100 | D:1      | Acquired a ring of protection from cold
  1102 | D:1      | 1102 ||| UPGRADING to +2 helmet of Yloth {-Cast rElec rCorr
                  | Dex+3}.
  1107 | D:1      | 1107 ||| UPGRADING to ring of protection from cold.
  1108 | D:1      | 1108 ||| READING scroll labelled XYOFUK MUPNA.
  1167 | D:1      | 1167 ||| READING scroll labelled TIOTUFEPINNY.
  1168 | D:1      | 1168 ||| READING scroll labelled QEPEOZ GIMESE.
  1169 | D:1      | 1169 ||| READING scroll labelled KIFFAT VUNIE.
  1170 | D:1      | 1170 ||| DROPPING scroll of poison.
  1317 | D:2      | Reached skill level 1 in Armour
  1692 | D:2      | Found a shadowy altar of Dithmenos.
  1872 | D:2      | 1872 ||| READING scroll labelled DOMA GAESHRYOCA.
  1940 | D:3      | Reached XP level 4. HP: 17/26 MP: 5/5
  1943 | D:3      | HP: 6/26 [worm (7)]
  1945 | D:3      | Slain by a worm

Levels and vault maps discovered:
D:1:      dpeg_arrival_caged_fury, layout_basic, minmay_misc_feat_doors
D:2:      layout_basic, basic_altar
D:3:      layout_basic, nemelex_xobeh_ov_fountains_minmay,
          grunt_qazlal_sundering

Skill      XL: |  1  2  3 |
---------------+----------+-----
Ranged Weapons | 3 |  3.7
Fighting       | 2 |  2.0
Armour         | 1 |  1.0
Dodging        | |  1.5
Spellcasting   | |  1.0
Hexes          | |  2.6

Action                     |  1- 3 |  4- 6 || total
---------------------------+-------+-------++-------
   Fire: Sling             |   142 |     6 ||   148
    Use: Scroll            |     7 |       ||     7
 Armour: Robe              |     6 |       ||     6
         Ring mail         |    29 |     1 ||    30
  Dodge: Dodged            |    37 |     1 ||    38

Table legend:
 A = Non-vault XP
 B = Vault XP
 C = Vault XP percentage of total XP
 D = Non-vault monster count
 E = Vault monster count
 F = Vault count percentage of total count
                 A         B        C        D         E       F
            +---------+---------+-------+---------+---------+-------
      Total |      91 |       0 |   0.0 |      48 |       0 |   0.0
            +---------+---------+-------+---------+---------+-------
        D:1 |      45 |       0 |   0.0 |      27 |       0 |   0.0
        D:2 |      31 |       0 |   0.0 |      19 |       0 |   0.0
        D:3 |      15 |       0 |   0.0 |       2 |       0 |   0.0
            +---------+---------+-------+---------+---------+-------
